 Dungeon Crawl Stone Soup version 0.31-b1-22-gc680215f68 (webtiles) character file.

Game seed: 18158591960261812825

142 BigPumpCobain the Chopper (level 5, 0/47 HPs)
             Began as a Minotaur Berserker on Jan 18, 2024.
             Was a Priest of Trog.
             Succumbed to a hobgoblin's poison
             ... on level 3 of the Dungeon.
             The game lasted 00:02:55 (1760 turns).

BigPumpCobain the Chopper (Minotaur Berserker)      Turns: 1760, Time: 00:02:56

Health: 0/47       AC: 11    Str: 23    XL:     5   Next: 3%
Magic:  4/4        EV:  7    Int:  4    God:    Trog [***...]
Gold:   119        SH:  0    Dex: 10    Spells: 4/4 levels left

rFire   . . .        o - +0 war axe
rCold   . . .        (no shield)
rNeg    . . .        j - +0 plate armour
rPois   .            (helmet restricted)
rElec   .            (no cloak)
rCorr   +            (no gloves)
SInv    .            (no boots)
Will    .....        (no amulet) Stlth
                     d - ring of resist corrosion
HPRegen 0.27/turn    (no ring)
MPRegen 0.09/turn

%: no passive effects
@: lethally poisoned (0 -> -7), on berserk cooldown, slowed, very slow
A: horns 2, retaliatory headbutt
a: Renounce Religion, Berserk, Trog's Hand


You were on level 3 of the Dungeon.
You worshipped Trog.
Trog was most pleased with you.
You visited 1 branch of the dungeon, and saw 3 of its levels.

You collected 119 gold pieces.

Inventory:

Hand Weapons
 o - a +0 war axe (weapon)
Missiles
 h - a throwing net
 i - 3 javelins
 k - 4 boomerangs (quivered)
Armour
 j - a +0 plate armour (worn)
Jewellery
 d - a ring of resist corrosion (left hand)
 f - a +6 ring of strength
Wands
 n - a wand of acid (8)
Scrolls
 a - a scroll of acquirement {unknown}
 b - 2 scrolls of identify {unknown}
 e - 4 scrolls of teleportation {unknown}
 g - a scroll of revelation {unknown}
 l - a scroll of butterflies {unknown}
 m - a scroll of blinking {unknown}
 p - a scroll of amnesia {unknown}
Potions
 c - 5 potions of curing {unknown}


   Skills:
 + Level 4.4 Fighting
 * Level 5.0 Axes
 + Level 1.2 Throwing
 + Level 3.4 Armour
 + Level 3.1 Dodging


You had 4 spell levels left.
You didn't know any spells.
Your spell library was empty.

Dungeon Overview and Level Annotations

Branches:
Dungeon (3/15)

Altars:


Innate Abilities, Weirdness & Mutations

You have a pair of horns on your head.
You reflexively headbutt those who attack you in melee.


Message History

You kill the goblin!
Trog accepts your kill.
You closely miss the hobgoblin.
You feel sick. Robin hits you but does no damage.
The hobgoblin hits you with a +2 dagger of venom.
You are lethally poisoned!
You slash Robin!
You kill Robin!
Trog accepts your kill.
You barely miss the hobgoblin.
* * * LOW HITPOINT WARNING * * *
You feel very sick.
The hobgoblin hits you with a +2 dagger of venom.
* * * LOW HITPOINT WARNING * * *
Your Axes skill increases to level 5!
You have reached level 5!
You hit the hobgoblin.
You kill the hobgoblin!
Trog accepts your kill.
* * * LOW HITPOINT WARNING * * *
You feel very sick.
There is a lethal amount of poison in your body!
* * * LOW HITPOINT WARNING * * *
You feel sick.
Things that are here:
a +0 dagger; a +0 sling; a +0 dagger You feel a strong urge to attack something.
* * * LOW HITPOINT WARNING * * *
You feel sick.
* * * LOW HITPOINT WARNING * * *
You feel sick.
You see here a scroll labelled BEHOPS NARATT.
p - a scroll labelled BEHOPS NARATT You feel your anger nearly subside.
* * * LOW HITPOINT WARNING * * *
You feel sick.
You are no longer berserk.
You are exhausted.
You feel yourself slow down.
You die...

#.# #........# #.#
#........# #.# #........#
#.## #........# #.#.
#........## #.#. #.........#
#.#< #.........# #.##
.######....@.# #...
.......)))...# ####
.......).)...#######
.......).....#.....#
........######.....#
.........#####.....#
.........#.........#####
.........†.............#####
.......###.............'....


There were no monsters in sight!

Vanquished Creatures
  A bombardier beetle (D:3)
  Robin (D:3)
  An adder (D:3)
  4 dart slugs
  4 ribbon worms (D:2)
  6 orcs (D:3)
  A ball python (D:2)
  5 bats
  5 endoplasms
  11 goblins
  9 hobgoblins
  2 quokkas
  2 frilled lizards
  5 kobolds
  5 rats
62 creatures vanquished.

Notes
Turn   | Place    | Note
-------+----------+-------------------------------------------
     0 | D:1      | BigPumpCobain the Minotaur Berserker began the quest for
                  | the Orb.
     0 | D:1      | Reached XP level 1. HP: 19/19 MP: 0/0
    23 | D:1      | You fall into a shaft and drop 1 floor!
    87 | D:2      | Reached XP level 2. HP: 27/27 MP: 1/1
    97 | D:2      | Reached skill level 4 in Axes
   547 | D:1      | Reached XP level 3. HP: 30/33 MP: 2/2
   569 | D:1      | Reached ** piety under Trog
  1557 | D:3      | Reached XP level 4. HP: 41/41 MP: 3/3
  1732 | D:3      | Reached skill level 1 in Throwing
  1743 | D:3      | Noticed Robin
  1754 | D:3      | Killed Robin
  1754 | D:3      | Reached *** piety under Trog
  1755 | D:3      | Reached skill level 5 in Axes
  1755 | D:3      | Reached XP level 5. HP: 11/47 MP: 4/4
  1758 | D:3      | HP: 2/70 [poisoned by a hobgoblin]
  1760 | D:3      | Succumbed to a hobgoblin's poison

Illustrated notes

Levels and vault maps discovered:
D:1:      dpeg_arrival_line_fractal, layout_loops_ring
D:2:      layout_basic
D:3:      layout_basic, mainiacjoe_overflow_boulevard, minivault_11, uniq_robin,
          uniq_ijyb, uniq_sigmund

Skill      XL: |  1  2  3  4 |
---------------+-------------+-----
Axes           | 4 5 |  5.0
Fighting       | 4 |  4.4
Armour         | 3 |  3.4
Dodging        | 3 |  3.1
Throwing       | 1 |  1.2

Action                     |  1- 3 |  4- 6 || total
---------------------------+-------+-------++-------
  Melee: Hand axe          |    82 |    14 ||    96
         Headbutt          |    12 |     4 ||    16
         Punch             |     1 |       ||     1
         War axe           |       |    15 ||    15
  Throw: Boomerang         |    15 |     7 ||    22
 Invoke: Berserk           |       |     1 ||     1
 Armour: Animal skin       |    10 |       ||    10
         Scale mail        |    24 |       ||    24
         Plate armour      |    21 |    42 ||    63
  Dodge: Dodged            |    35 |    13 ||    48
